AoeStats
← 真我,无我

Black Forest

506985940Analyzed
4v4 RM · 17d ago on Sep 16, 2026· 58m 26s· 8 players
Game mode
Random Map
Map size
Large (8 player)
Population
200
Speed
Normal
Resources
Standard
Victory
Conquest
Starting age
Dark Age
Ending age
Imperial Age
RankedLock teamsTeams togetherTeam positionsShared explorationLock speedFull tech treeHidden civsTurbo modeCheats
Victory
Defeat
🇨🇱 Goths · Chile
977
+13
🇺🇸 Burgundians · United States
949
+14
🇨🇦 Persians · Canada
931
+15
🇺🇸 Teutons · United States
745
+23
🇨🇳 Franks · China
932
-17
🇨🇳 Vietnamese · China
917
-16
🇨🇳 Italians · China
904
-16
🇨🇳 Hindustanis · China
889
-16
铁蹄铮铮
11:17 Feudal Age
12:38 Double-Bit Axe
15:06 Castle Age
17:18 Bow Saw
21:34 Gold Mining
23:29 Stone Mining
24:16 Wheelbarrow
25:16 Gold Shaft Mining
27:03 Hand Cart
29:28 Imperial Age
27:48 Town Watch
28:50 Ballistics
30:23 Chivalry
30:45 Conscription
30:39 Forging
30:34 Scale Barding Armor
31:36 Chemistry
30:46 Siege Engineers
30:49 Town Patrol
30:54 Caravan
30:22 Cavalier
31:04 Husbandry
31:22 Paladin
33:11 Iron Casting
32:57 Chain Barding Armor
32:45 Caravan
35:02 Blast Furnace
33:48 Light Cavalry
50:02 Plate Barding Armor
495556203
0:28 Loom
12:06 Feudal Age
13:39 Wheelbarrow
12:52 Double-Bit Axe
12:51 Horse Collar
13:04 Gold Mining
14:14 Stone Mining
14:12 Town Watch
19:45 Castle Age
21:01 Bow Saw
21:06 Fletching
21:43 Padded Archer Armor
21:44 Bodkin Arrow
22:05 Heavy Plow
22:48 Stone Shaft Mining
25:05 Hand Cart
26:50 Town Patrol
29:47 Leather Archer Armor
30:55 Squires
31:26 Silk Road
31:23 Thumb Ring
31:56 Ballistics
31:16 Pikeman
32:51 Scale Barding Armor
32:57 Forging
32:48 Scale Mail Armor
35:33 Imperial Age
34:18 Caravan
34:49 Coinage
35:18 Husbandry
35:30 Bloodlines
34:42 Light Cavalry
35:54 Chain Barding Armor
36:09 Iron Casting
36:22 Bracer
37:29 Chemistry
37:05 Murder Holes
37:21 Fortified Wall
38:16 Ring Archer Armor
38:22 Plate Barding Armor
37:57 Man-at-Arms
38:48 Hussar
42:29 Banking
42:09 Guilds
44:42 Hoardings
44:05 Elite Genoese Crossbowman
真我,无我
2:52 Loom
13:19 Feudal Age
15:09 Horse Collar
15:16 Fishing Lines
15:36 Double-Bit Axe
20:36 Wheelbarrow
23:07 Castle Age
21:50 Gold Mining
21:50 Stone Mining
23:28 Fletching
23:59 Bow Saw
23:52 Padded Archer Armor
24:09 Hand Cart
24:06 Heavy Plow
25:12 Stone Shaft Mining
24:25 Town Watch
24:48 Gillnets
29:16 Town Patrol
29:40 Bodkin Arrow
30:01 Leather Archer Armor
30:44 Elite Skirmisher
31:31 Husbandry
31:41 Bloodlines
32:33 Ballistics
34:44 Imperial Age
32:53 Chatras
33:28 Forging
33:23 Scale Barding Armor
33:32 Murder Holes
33:52 Fortified Wall
35:34 Caravan
36:05 Coinage
35:46 Guilds
35:07 Pikeman
35:47 Squires
35:35 Arson
35:55 Bracer
35:56 Scale Mail Armor
36:57 Paper Money
36:14 Elite Rattan Archer
37:28 Ring Archer Armor
37:33 Iron Casting
37:19 Chain Barding Armor
36:51 Arrowslits
38:55 Two-Man Saw
38:34 Crop Rotation
38:25 Chain Mail Armor
37:54 Halberdier
38:49 Imperial Skirmisher
41:00 Elite Battle Elephant
42:32 Plate Mail Armor
46:59 Plate Barding Armor
49:38 Chemistry
含光
13:32 Feudal Age
15:00 Wheelbarrow
17:31 Horse Collar
22:00 Castle Age
20:26 Double-Bit Axe
23:36 Hand Cart
24:08 Heavy Plow
24:30 Bow Saw
26:33 Heavy Plow
35:40 Imperial Age
38:25 Two-Man Saw
43:00 Pikeman
43:42 Squires
43:29 Arson
44:36 Forging
53:08 Heavy Camel Rider
SavageDumpling
0:53 Loom
10:34 Wheelbarrow
10:53 Double-Bit Axe
11:01 Gold Mining
13:39 Feudal Age
17:23 Castle Age
16:12 Gold Shaft Mining
16:49 Horse Collar
17:43 Bow Saw
17:49 Heavy Plow
18:17 Town Watch
21:50 Stone Mining
25:10 Crop Rotation
29:06 Imperial Age
27:03 Hand Cart
27:49 Stone Shaft Mining
28:06 Burgundian Vineyards
28:55 Town Patrol
29:11 Forging
29:05 Husbandry
28:31 Cavalier
29:42 Scale Barding Armor
31:10 Iron Casting
31:49 Paladin
33:20 Conscription
34:42 Blast Furnace
44:28 Chain Barding Armor
dokoenig3
5:17 Loom
12:47 Feudal Age
19:11 Castle Age
18:28 Horse Collar
18:34 Double-Bit Axe
18:39 Fishing Lines
21:27 Wheelbarrow
20:37 Town Watch
22:38 Bow Saw
22:42 Fortified Wall
22:44 Masonry
22:55 Masonry
23:08 Stone Mining
23:08 Gold Mining
25:39 Stone Shaft Mining
25:18 Gillnets
30:25 Imperial Age
30:16 Heavy Plow
31:25 Ironclad
31:44 Hoardings
31:31 Conscription
31:04 Pikeman
31:31 Arson
31:47 Squires
31:32 Gambesons
32:21 Crop Rotation
35:17 Heavy Scorpion
35:45 Halberdier
37:29 Forging
37:19 Scale Mail Armor
38:36 Elite Teutonic Knight
39:39 Crenellations
39:50 Caravan
40:20 Coinage
40:00 Guilds
41:36 Chemistry
40:57 Ballistics
41:22 Iron Casting
52:36 Blast Furnace
51:51 Chain Mail Armor
iachen
12:14 Feudal Age
12:37 Double-Bit Axe
12:42 Horse Collar
14:08 Loom
20:39 Castle Age
19:01 Stone Mining
19:05 Gold Mining
21:26 Wheelbarrow
22:22 Heavy Plow
23:00 Stone Shaft Mining
22:57 Bow Saw
23:42 Gold Shaft Mining
27:36 Kamandaran
34:25 Imperial Age
31:59 Padded Archer Armor
31:50 Fletching
33:11 Forging
33:18 Leather Archer Armor
33:14 Scale Barding Armor
36:08 Conscription
36:00 Citadels
35:10 Elite War Elephant
36:18 Thumb Ring
35:36 Crossbowman
36:06 Elite War Elephant
41:50 Bodkin Arrow
42:27 Ring Archer Armor
43:02 Chemistry
42:22 Ballistics
46:12 Iron Casting
46:01 Chain Barding Armor
53:13 Caravan
Emkrypted
0:55 Loom
11:14 Feudal Age
15:52 Castle Age
14:29 Wheelbarrow
13:37 Horse Collar
14:25 Gold Mining
14:56 Double-Bit Axe
18:09 Bow Saw
25:37 Heavy Plow
26:08 Stone Mining
33:14 Imperial Age
31:03 Scale Mail Armor
31:13 Forging
31:03 Fletching
30:48 Pikeman
30:53 Man-at-Arms
31:48 Squires
32:35 Chain Mail Armor
31:58 Long Swordsman
33:08 Anarchy
33:21 Caravan
34:00 Perfusion
34:20 Conscription
33:31 Halberdier
34:57 Iron Casting
35:07 Coinage
35:19 Hand Cart
35:10 Two-Handed Swordsman
38:35 Chemistry
43:13 Blast Furnace
Connection lost

Rejoining the realm…

Still unreachable

The connection could not be restored.

Session expired

The server has moved on; the page needs a fresh start.